 Dungeon Crawl Stone Soup version 0.26.1-11-gd32895ea62 (webtiles) character file.

Game seed: 10886238455885740684

970 Zeld the Carver (level 8, -1/56 HPs)
             Began as a Human Gladiator on June 4, 2021.
             Was an Initiate of the Shining One.
             Slain by an orc warrior
             ... wielding a +0 war axe
              (12 damage)
             ... on level 5 of the Dungeon.
             The game lasted 00:07:21 (8103 turns).

Zeld the Carver (Human Gladiator)                   Turns: 8103, Time: 00:07:22

Health: -1/56      AC:  9    Str: 17    XL:     8   Next: 38%
Magic:  8/8        EV: 13    Int:  8    God:    the Shining One [......]
Gold:   248        SH:  0    Dex: 15    Spells: 7/7 levels left

rFire    . . .     SeeInvis .   a - +0 long sword
rCold    . . .     Faith    .   (no shield)
rNeg     . . .     Spirit   .   b - +0 leather armour
rPois    .         Reflect  .   c - +0 helmet
rElec    .         Harm     .   v - +1 cloak
rCorr    .         Rampage  .   h - +2 pair of gloves
Will     .....                  (no boots)
Stlth    +.........             (no amulet)
HPRegen  0.18/turn              (no ring)
MPRegen  0.11/turn              (no ring)

@: glowing
A: no striking features
a: Renounce Religion


You were on level 5 of the Dungeon.
You worshipped the Shining One.
The Shining One was noncommittal.
You visited 2 branches of the dungeon, and saw 7 of its levels.

You collected 248 gold pieces.

Inventory:

Hand Weapons
 a - a +0 long sword (weapon)
Missiles
 d - 4 throwing nets (quivered)
Armour
 b - a +0 leather armour (worn)
 c - a +0 helmet (worn)
 h - a +2 pair of gloves (worn)
 v - a +1 cloak (worn)
Jewellery
 o - a cursed -4 ring of evasion {unknown}
 q - an uncursed amulet of magic regeneration {unknown}
Wands
 s - a wand of flame (21)
 A - a wand of paralysis (7)
Scrolls
 e - 7 scrolls of remove curse {unknown}
 i - 8 scrolls of identify {unknown}
 l - 2 scrolls of teleportation {unknown}
 m - 4 scrolls of noise {unknown}
 w - a scroll of fog {unknown}
 y - a scroll of immolation {unknown}
 z - 2 scrolls of enchant armour {unknown}
Potions
 f - a potion of degeneration {unknown}
 g - a potion of ambrosia {unknown}
 j - 5 potions of curing {unknown}
 k - 3 potions of haste {unknown}
 n - a potion of brilliance {unknown}
 p - 2 potions of invisibility
 r - 2 potions of resistance {unknown}
 t - a potion of mutation {unknown}
 u - 2 potions of berserk rage {unknown}
 x - 2 potions of might {unknown}
 B - 2 potions of lignification {unknown}


   Skills:
 - Level 2.0 Fighting
 * Level 9.6 Long Blades
 - Level 2.0 Throwing
 - Level 3.0 Dodging


You had 7 spell levels left.
You didn't know any spells.
Your spell library was empty.

Dungeon Overview and Level Annotations

Branches:
Dungeon (6/15)             Temple (1/1) D:4

Altars:
Ashenzari
Cheibriados
Dithmenos
Elyvilon
Fedhas
Gozag
Hepliaklqana
Kikubaaqudgha
Makhleb
Nemelex Xobeh
Qazlal
Ru
Sif Muna
Uskayaw
Vehumet
Wu Jian
Xom
Yredelemnul
The Shining One

Annotations:
D:6 1 runed translucent door, oc3rt's ghost, novice TeCj


Message History

The orc wizard blinks!
The orc wizard casts a spell at you. The magic dart hits you.
* * * LOW HITPOINT WARNING * * *
The howler monkey hoots and howls with incredible vigour!
You hear a shout!
You hear a croak.
There is a stone staircase leading up here.
The orc warrior closely misses you.
You climb upwards.
There is a stone staircase leading down here.
Press: ? - help, v - describe, . - travel
Here: an orc warrior, wielding a +0 war axe and wearing a +0 plate armour The floor.
Unknown command.
Okay, then.
Okay, then.
The orc warrior hits you with a +0 war axe!
* * * LOW HITPOINT WARNING * * *
The orc warrior hits you with a +0 war axe!
You die...

##..### #..## #########
..## ##..)....### ###
..## #..........# ##.##
...###..........# #...##
....##..........###....#
...............###....##
#.....#.......###..#..#
##.....###...###@o#####
##.....#######..##
##......####..##
##........##.###
#...........##
#..........##
#....#....## #....#...##
###..###.##


You could see an orc warrior.

Vanquished Creatures
  Sigmund (D:3)
  An ice beast (D:5)
  2 centaurs (D:5)
  2 bullfrogs (D:6)
  2 orc priests
  An orc wizard (D:6)
  A hound (D:4)
  Jessica (D:2)
  2 worker ants (D:4)
  Robin (D:3)
  4 gnolls (D:3)
  7 adders
  A shadow imp (D:5)
  A white imp (D:5)
  An ufetubus (D:5)
  An ooze (D:4)
  A worm (D:4)
  3 dart slugs
  2 leopard geckos (D:4)
  15 orcs
  7 giant cockroaches
  13 goblins
  6 hobgoblins
  4 jackals (D:4)
  5 kobolds
  5 bats
  2 frilled lizards (D:2)
  A jackal skeleton (D:5)
  A quokka skeleton (D:5)
  10 rats
104 creatures vanquished.

Notes
Turn   | Place    | Note
-------+----------+-------------------------------------------
     0 | D:1      | Zeld the Human Gladiator began the quest for the Orb.
     0 | D:1      | Reached XP level 1. HP: 16/16 MP: 1/1
   376 | D:1      | Reached XP level 2. HP: 17/22 MP: 2/2
  1094 | D:2      | Reached skill level 4 in Long Blades
  1094 | D:2      | Reached XP level 3. HP: 26/27 MP: 3/3
  1482 | D:2      | Noticed Jessica
  1488 | D:2      | Killed Jessica
  1489 | D:2      | Reached XP level 4. HP: 28/33 MP: 4/4
  1604 | D:2      | Reached skill level 5 in Long Blades
  1819 | D:2      | Reached XP level 5. HP: 19/38 MP: 5/5
  2589 | D:3      | Reached skill level 6 in Long Blades
  2590 | D:3      | Noticed Robin
  2597 | D:3      | Reached XP level 6. HP: 27/44 MP: 6/6
  2633 | D:3      | Killed Robin
  2918 | D:3      | Noticed Sigmund
  4523 | D:3      | Killed Sigmund
  4524 | D:3      | Reached skill level 7 in Long Blades
  4524 | D:3      | Reached XP level 7. HP: 43/50 MP: 7/7
  5378 | D:4      | Found a staircase to the Ecumenical Temple.
  5412 | Temple   | Entered the Ecumenical Temple
  5531 | Temple   | Became a worshipper of the Shining One
  6191 | D:5      | Entered Level 5 of the Dungeon
  6221 | D:5      | Found a shadowy altar of Dithmenos.
  6236 | D:5      | Reached skill level 8 in Long Blades
  6477 | D:5      | Found a sacrificial altar of Ru.
  6813 | D:5      | Reached skill level 9 in Long Blades
  6813 | D:5      | Reached XP level 8. HP: 56/56 MP: 8/8
  7235 | D:6      | Found a runed translucent door.
  7239 | D:6      | Noticed oc3rt's ghost (novice TeCj)
  8103 | D:5      | Slain by an orc warrior

Illustrated notes

Levels and vault maps discovered:
D:1:      grunt_arrival_lava_bath, layout_basic
D:2:      minmay_spotlight, layout_basic, uniq_jessica
D:3:      layout_basic, uniq_robin, uniq_sigmund
D:4:      layout_cave_pools, minmay_temple_entry_statues_pillars, serial_rivers,
          chequers_serial_rivers_micro_d, chequers_serial_rivers_small_a,
          chequers_serial_rivers_micro_c, chequers_serial_rivers_micro_d,
          chequers_serial_rivers_micro_c
D:5:      layout_cave_pods, nicolae_ru_awakened_eye,
          nicolae_dithmenos_through_a_glass_darkly
D:6:      layout_layer_cave, hellmonk_ghost_happy_afterlife, nicolae_sextant,
          chequers_serial_rivers_small_b, minmay_misc_feat_iff
Temple:   dpeg_five_rooms_temple

Skill      XL: |  1  2  3  4  5  6  7 |
---------------+----------------------+-----
Long Blades    | 4 5 6 7 9 |  9.6
Fighting       | |  2.0
Throwing       | |  2.0
Dodging        | |  3.0

Action                   |  1- 3 |  4- 6 |  7- 9 || total
-------------------------+-------+-------+-------++-------
Melee: Long sword        |    77 |    96 |   131 ||   304
       Falchion          |       |    17 |    57 ||    74
       Unarmed           |       |       |    12 ||    12
 Stab: Sleeping          |     1 |     3 |       ||     4
Armor: Leather armour    |    29 |    31 |    70 ||   130
Dodge: Dodged            |    57 |    76 |   163 ||   296
       Rpst.: Long sword |    27 |    12 |    40 ||    79
       Falchion          |       |     4 |    17 ||    21
